cohdb
Replays
Latest Replays
All Replays
Popular Replays
Top Player Replays
Match Explorer
How It Works
Community
CoH3 Stats
Reddit
Sign in to upload your games and track your stats! →
Sign in with Steam
Match 41529738
Unlisted
Match 41529738
Overview
Messages
Build Orders
End
Panzergrenadier Squad
250 Light Carrier
Panzergrenadier Squad
Construct Light Support Kompanie
MG34 Team
Panzerjäger Squad
Fire Support Elements
Selects Panzerjäger Kommand Battlegroup
Selects Mine Fields
Selects Defensive Positions
le.IG 18 Mechanized Group
Flakvierling Half-track
Assault Grenadier Squad
Construct Mechanized Kompanie
Selects Tank Busters
Panzerjäger Mechanized Group
Selects Butterfly Bomb Drop
Butterfly Bomb Drop
Robin
arashdaan
Band of Brothers
Rather Splendid Cromwell
coledj0408
S.W.A
0
0
Comments
sign in to comment!
No comments posted yet!